 Dungeon Crawl Stone Soup version 0.32-a0-540-g866d13106e (webtiles) character file.

Game seed: 11065493953874638920

14 lunkers the Chopper (level 2, 0/22 HPs)
             Began as a Coglin Gladiator on Feb 28, 2024.
             Slain by Natasha (3 damage)
             ... on level 2 of the Dungeon.
             The game lasted 00:01:45 (1115 turns).

lunkers the Chopper (Coglin Gladiator)              Turns: 1115, Time: 00:01:45

Health: 0/22       AC:  0    Str: 14    XL:     2   Next: 45%
Magic:  2/2        EV: 15    Int:  7    God:
Gold:   31         SH:  0    Dex: 15    Spells: 1/1 levels left

rFire   . . .        a - melded +0 war axe {Jacinta}
rCold   . . .        p - melded +0 club {Gurmehar}
rNeg    . . .        n - melded +0 ring mail
rPois   .            c - melded +0 helmet
rElec   .            (cloak currently unavailable)
rCorr   .            (gloves currently unavailable)
SInv    .            (boots currently unavailable)
Will    .....        (no amulet)
Stlth   +            (ring currently unavailable)
HPRegen 0.23/turn    (ring currently unavailable)
MPRegen 0.08/turn

%: no passive effects
@: pig-form, very quick
A: fast, no casting, small, (off-hand wielding), (slow wielding), (warmup
strikes), (no rings)
a: no special abilities


You were on level 2 of the Dungeon.
You were a filthy swine.
You visited 1 branch of the dungeon, and saw 2 of its levels.

You collected 31 gold pieces.

Inventory:

Hand Weapons
 a - a +0 war axe (melded) {Jacinta}
 p - a +0 club (melded) {Gurmehar}
Missiles
 d - 3 throwing nets
 e - a javelin
Armour
 b - a +0 leather armour
 c - a +0 helmet (melded)
 n - a +0 ring mail (melded)
Magical Staves
 k - a staff of conjuration {Jinae}
Scrolls
 f - a scroll of noise {unknown}
 g - a scroll of teleportation {unknown}
 l - a scroll of revelation {unknown}
 m - a scroll of silence {unknown}
 o - a scroll of summoning {unknown}
 q - a scroll of immolation {unknown}
Potions
 h - a potion of invisibility {unknown}
 i - a potion of curing {unknown}
 j - a potion of enlightenment {unknown}
 r - a potion of ambrosia {unknown}


   Skills:
 - Level 2.0 Fighting
 + Level 3.8 Axes
 - Level 1.7 Throwing
 - Level 2.6 Dodging


You had one spell level left.
You didn't know any spells.
Your spell library contained the following spells:

 Spells                   Type           Power      Damage    Failure   Level
 Freeze                   Ice            0%         1d3       43%         1
 Sandblast                Erth           0%         2d4       43%         1
 Frozen Ramparts          Ice            0%         1d1       80%         3
 Hailstorm                Conj/Ice       0%         3d5       80%         3
 Passwall                 Erth           0%         N/A       80%         3
 Stone Arrow              Conj/Erth      0%         3d7       80%         3
 Brom's Barrelling Bould  Conj/Erth      0%         2d3       99%         4


Dungeon Overview and Level Annotations

Branches:
Dungeon (2/15)

Altars:

Annotations:
D:2 Natasha


Innate Abilities, Weirdness & Mutations

You are a filthy swine.
You move quickly.
Your equipment is almost entirely melded.
You are incapable of wielding weapons or throwing items.
You cannot cast spells.
((You can wield a second weapon in your off-hand.))
((It takes a long time for you to wield or remove held weapons.))
((Your first few attacks do less damage.))
((Your grasper-arms cannot wear rings.))


Message History

No target in view!
No target in view!
No target in view!
No target in view!
No target in view!
You see here a ball python corpse.
A frilled lizard comes into view.
The frilled lizard hisses angrily.
A frilled lizard is nearby!
Natasha and a kobold come into view.
Natasha is carrying a wand of polymorph.
The kobold is wielding a +2 short sword of protection.
Found 3 gold pieces.
Natasha hisses angrily.
The kobold shouts!
You hit the frilled lizard with your +0 club.
You kill the frilled lizard!
You hit Natasha with your +0 club.
Natasha is moderately wounded.
You hit Natasha with your +0 war axe.
Natasha zaps a wand.
You turn into a filthy swine.
Your +0 war axe {Jacinta} melds into your body.
Your +0 helmet melds into your body.
Your +0 club {Gurmehar} melds into your body.
Your +0 ring mail melds into your body.
You barely miss Natasha.
Natasha is severely wounded.
Natasha claws you!
* * * LOW HITPOINT WARNING * * *
You are too injured to fight recklessly!
You are too injured to fight recklessly!
You are too injured to fight recklessly!
You barely miss Natasha.
Natasha is severely wounded.
Natasha claws you!
* * * LOW HITPOINT WARNING * * *
Unknown command.
You closely miss Natasha.
Natasha is severely wounded.
Natasha claws you.
You die...
Natasha begins licking her fur clean.

#.# #.# #.# # #.#
#.# .
..#####.#.#.#.#
........#.....#
......hK†...#
####h#.####. .
#........... ..
#.#..#.#####
#.##### ##.#.##$#
# .....##.##.#.#
# ..# ..... #.#.#
#...###.#####.#.#
#..<...†....#†#
#########.###.#


You could see Natasha and a kobold.

Vanquished Creatures
  2 endoplasms (D:1)
  3 kobolds (D:1)
  A quokka (D:1)
  2 ball pythons
  4 bats (D:1)
  3 frilled lizards
15 creatures vanquished.

Notes
Turn   | Place    | Note
-------+----------+-------------------------------------------
     0 | D:1      | lunkers the Coglin Gladiator began the quest for the Orb.
     0 | D:1      | Reached XP level 1. HP: 16/16 MP: 1/1
   534 | D:1      | Reached XP level 2. HP: 22/22 MP: 2/2
  1110 | D:2      | Noticed Natasha
  1115 | D:2      | Slain by Natasha

Illustrated notes

Levels and vault maps discovered:
D:1:      kennysheep_arrival_seaside, layout_basic, kennysheep_decorative_pillar
D:2:      layout_loops_ring, mrwooster_statue_mirror, uniq_robin, uniq_natasha

Action                     || total
---------------------------++-------
  Melee: War axe           ||    29
         Staff             ||     9
         Club              ||     8
         Unarmed           ||     3
   Stab: Sleeping          ||     1
 Armour: Leather armour    ||    16
         Ring mail         ||     7
         Skin              ||     3
  Dodge: Dodged            ||    28

Table legend: (Time is in decaauts)
 A = Elapsed time spent in this place.
 B = Non-inter-level travel time spent in this place.
 C = Inter-level travel time spent in this place.
 D = Time resting spent in this place.
 E = Time spent auto-exploring this place.
 F = Levels seen in this place.
 G = Mean time per level.
                   A        B        C        D        E       F      G
               +--------+--------+--------+--------+--------+-----+--------+
         Total |   1127 |    993 |    134 |      0 |    816 |   2 |  563.5 |
       Dungeon |   1127 |    993 |    134 |      0 |    816 |   2 |  563.5 |
               +--------+--------+--------+--------+--------+-----+--------+

Top non-repeatable levels by time:
     D:1: 1088 daAuts
     D:2: 39 daAuts
